 Dungeon Crawl Stone Soup version 0.30-a0-279-g4b46babb21 (webtiles) character file.

Game seed: 910817890860856688

163 koil the Sneak (level 5, 0/25 HPs)
             Began as a Spriggan Enchanter on Oct 16, 2022.
             Slain by a ball python (3 damage)
             ... in a sewer.
             The game lasted 00:06:52 (2155 turns).

koil the Sneak (Spriggan Enchanter)                 Turns: 2155, Time: 00:06:53

Health: 0/25       AC:  6    Str:  4    XL:     5   Next: 20%
Magic:  1/11       EV: 15    Int: 17    God:
Gold:   87         SH:  0    Dex: 17    Spells: 2/11 levels left

rFire   . . .      SeeInvis +    a - +3 dagger
rCold   . . .      Faith    .    (no shield)
rNeg    . . .      Spirit   .    k - +0 robe
rPois   .          Reflect  .    (helmet restricted)
rElec   .          Harm     .    (no cloak)
rCorr   .          Rampage  .    (gloves unavailable)
Will    .....                    (boots unavailable)
Stlth   +++.......               (no amulet)
HPRegen 0.24/turn                n - +4 ring of protection
MPRegen 0.12/turn                (no ring)

@: brilliant, constricted, very quick
A: very small, no large weapons, unfitting armour, see invisible, speed 3
a: no special abilities


You were in a sewer.
You visited 1 branch of the dungeon, and saw 3 of its levels.
You also visited: Sewer.

You collected 87 gold pieces.

Inventory:

Hand Weapons
 a - a +3 dagger (weapon)
 g - a +1 dagger
Missiles
 i - 6 poisoned darts (quivered)
Armour
 b - a +0 robe
 h - a +0 robe
 k - a +0 robe (worn)
Jewellery
 n - a +4 ring of protection (left hand)
Scrolls
 e - a scroll of vulnerability {unknown}
 f - 3 scrolls of identify {unknown}
 j - a scroll of poison {unknown}
 o - a scroll of magic mapping {unknown}
Potions
 c - 2 potions of invisibility
 l - 3 potions of cancellation
 p - a potion of heal wounds {unknown}


   Skills:
 + Level 1.2 Fighting
 + Level 2.3 Short Blades
 + Level 3.8 Dodging
 + Level 5.3 Stealth
 + Level 3.5 Spellcasting
 + Level 4.4 Hexes
 + Level 1.3 Translocations


You had 2 spell levels left.
You knew the following spells:

 Your Spells              Type           Power      Damage    Failure   Level
a - Ensorcelled Hibernat  Hex/Ice        30%        N/A       10%         2
b - Confusing Touch       Hex            27%        N/A       8%          3
c - Slow                  Hex            100%       N/A       2%          1
d - Gell's Gravitas       Tloc           11%        N/A       28%         3

Your spell library contained the following spells:

 Spells                   Type           Power      Damage    Failure   Level
 Tukima's Dance           Hex            27%        N/A       8%          3
 Dazzling Flash           Conj/Hex       30%        N/A       21%         3
 Lesser Beckoning         Tloc           22%        N/A       28%         3
 Teleport Other           Tloc           11%        N/A       28%         3
 Ozocubu's Armour         Ice            4%         N/A       45%         3
 Vampiric Draining        Necr           4%         2d6       45%         3
 Ozocubu's Refrigeration  Ice            2%         4d7       100%        7


Dungeon Overview and Level Annotations

Branches:
Dungeon (3/15)              Sewer (1/1)

Altars:
Trog

Shops:
D:2 (!


Innate Abilities, Weirdness & Mutations

You are very small and have problems with some larger weapons.
You are too small for most types of armour.
You have supernaturally acute eyesight. (SInv)
You cover ground extremely quickly. (Speed+++)


Message History

Press: ? - help, Shift-Dir - straight line, f/p - river rat
Aim: a river rat (chance to affect: 57%)
You feel a surge of power!
The river rat looks drowsy...
The ball python barely misses you. The ball python constricts you.
The river rat misses you.
The rat splashes around in the water.
The helpless river rat fails to defend itself.
You impale the river rat!!
You kill the river rat!
The ball python bites you but does no damage.
The ball python constricts you.
* * * LOW HITPOINT WARNING * * *
The river rat barely misses you.
Casting: Ensorcelled Hibernation (safe; 10% risk of failure)
Confirm with . or Enter, or press ? or * to list all spells.
Aiming: Ensorcelled Hibernation (safe; 10% risk of failure)
Press: ? - help, Shift-Dir - straight line, f - river rat
Aim: a river rat (water, chance to affect: 57%)
You feel a surge of power!
The river rat resists with significant effort.
The ball python closely misses you. The ball python constricts you.
The rat misses you. The river rat closely misses you.
The ball python bites you but does no damage.
The ball python constricts you.
You hit the river rat.
The river rat is lightly wounded.
The rat closely misses you. The river rat closely misses you.
The ball python misses you. The ball python constricts you.
* * * LOW HITPOINT WARNING * * *
You hit the river rat.
The river rat is moderately wounded.
The rat completely misses you.
The river rat bites you but does no damage.
The ball python bites you but does no damage.
The ball python constricts you.
You hit the river rat but do no damage.
The river rat is moderately wounded.
The rat bites you.
* * * LOW HITPOINT WARNING * * *
The ball python bites you.
You die...

##...~≈#
#~≈≈≈
#≈..[~.#
#.~≈≈
#≈~.~~≈#
#~≈~≈
#~~~~≈≈#
#~~≈≈
#~~~≈≈≈#
#≈~≈≈
#~~~~~≈#
#~≈~~
#≈≈~~~≈#
#≈~~~
#rr~~≈~#
#≈≈≈~
#@S~~~.#
##~~~
#††....#
#....
......##
##...
.......#
#...
.......##
##..
.....####
###
...####
####


You could see a river rat, a ball python and a rat.

Vanquished Creatures
  5 adders
  4 river rats (Sewer)
  A worm (D:2)
  3 dart slugs
  An orc (D:2)
  7 ball pythons
  A bat (D:2)
  5 endoplasms
  6 giant cockroaches
  5 goblins
  5 hobgoblins
  4 jackals (D:2)
  6 kobolds
  A quokka (D:2)
  3 frilled lizards
  17 rats
74 creatures vanquished.

Notes
Turn   | Place    | Note
-------+----------+-------------------------------------------
     0 | D:1      | koil the Spriggan Enchanter began the quest for the Orb.
     0 | D:1      | Reached XP level 1. HP: 9/9 MP: 5/5
    73 | D:1      | Found a faded altar of an unknown god.
   197 | D:1      | Reached XP level 2. HP: 13/13 MP: 6/6
   217 | D:1      | Learned a level 2 spell: Ensorcelled Hibernation
   675 | D:1      | Reached XP level 3. HP: 17/17 MP: 8/8
   679 | D:1      | Learned a level 3 spell: Confusing Touch
  1034 | D:2      | Identified the +1 robe of the Cuttlefish {Str-3 Int+5
                  | Archmagi}
  1048 | D:2      | Found Kuorghej's Weapon Emporium.
  1100 | D:2      | Learned a level 1 spell: Slow
  1174 | D:2      | Reached skill level 1 in Fighting
  1331 | D:2      | Found Cuodghom's Distillery.
  1383 | D:2      | Reached XP level 4. HP: 22/22 MP: 9/9
  1428 | D:2      | Reached skill level 5 in Stealth
  1432 | D:2      | Learned a level 3 spell: Gell's Gravitas
  1680 | D:3      | Found a bloodstained altar of Trog.
  1871 | D:3      | Found a glowing drain.
  1875 | Sewer    | Entered a sewer
  2030 | Sewer    | Reached skill level 1 in Translocations
  2050 | Sewer    | Reached XP level 5. HP: 22/25 MP: 6/11
  2155 | Sewer    | Slain by a ball python

Illustrated notes

Levels and vault maps discovered:
D:1:      lightli_arrival_chessboard, layout_loops_ring,
          dreamdust_ecumenical_altar_statues, minmay_pentomino_o4
D:2:      layout_basic, serial_shops, nicolae_shop_advertising_works
          [nicolae_subvault_shop_adworks], nicolae_diamond_shop
D:3:      layout_loops_ring, mainiacjoe_overflow_tiny_flanked,
          nemelex_dance_club_becter, gup_sewer_entry_bowl, serial_rivers,
          chequers_serial_rivers_micro_a, chequers_serial_rivers_micro_e,
          chequers_serial_rivers_small_a, chequers_serial_rivers_large_a
Sewer:    sewer_minmay_w

Skill      XL: |  1  2  3  4 |
---------------+-------------+-----
Dodging        | 3 |  3.8
Spellcasting   | 3 |  3.5
Hexes          | 4 |  4.4
Fighting       | 1 |  1.2
Short Blades   | 2 |  2.3
Stealth        | 5 |  5.3
Translocations | 1 |  1.3

Action                   |  1- 3 |  4- 6 || total
-------------------------+-------+-------++-------
Melee: Dagger            |   111 |   103 ||   214
 Cast: Ensorcelled Hiber |     4 |    12 ||    16
  Use: Potion            |       |     3 ||     3
 Stab: Sleeping          |    17 |    12 ||    29
Armor: Robe              |     3 |    33 ||    36
Dodge: Dodged            |    70 |   147 ||   217

Table legend: (Time is in decaauts)
 A = Elapsed time spent in this place.
 B = Non-inter-level travel time spent in this place.
 C = Inter-level travel time spent in this place.
 D = Time resting spent in this place.
 E = Time spent auto-exploring this place.
 F = Levels seen in this place.
 G = Mean time per level.
                   A        B        C        D        E       F      G
               +--------+--------+--------+--------+--------+-----+--------+
         Total |   1578 |   1570 |      8 |    170 |    898 |   4 |  394.5 |
       Dungeon |   1321 |   1313 |      8 |    100 |    836 |   3 |  440.3 |
         Sewer |    256 |    256 |      0 |     70 |     62 |   1 |  256.0 |
               +--------+--------+--------+--------+--------+-----+--------+

Top non-repeatable levels by time:
     D:2: 646 daAuts
     D:1: 512 daAuts
   Sewer: 256 daAuts
     D:3: 162 daAuts
